 Dungeon Crawl Stone Soup version 0.23.1-37-gaa34b87 (webtiles) character file.

Game seed: 4000671412196961708

1949 snowfan the Caller (level 8, -13/57 HPs)
             Began as a Mummy Summoner on Mar 21, 2019.
             Was a Follower of Sif Muna.
             Mangled by a warg (20 damage)
             ... on level 8 of the Dungeon.
             The game lasted 01:12:15 (13796 turns).

snowfan the Caller (Mummy Summoner)                Turns: 13796, Time: 01:12:15

Health: -13/57     AC:  6    Str: 11    XL:     8   Next: 99%
Magic:  2/15       EV: 12    Int: 16    God:    Sif Muna [*.....]
Gold:   275        SH:  0    Dex: 17    Spells: 8/17 levels left

rFire    x . .     SeeInvis +   g - +3 halberd (freeze) (curse)
rCold    + + .     Gourm    .   (shield currently unavailable)
rNeg     + + +     Faith    .   A - +2 robe {rC+}
rPois    ∞         Spirit   .   o - +0 helmet {SInv}
rElec    .         Reflect  .   i - scarf {repulsion}
rCorr    .         Harm     +   k - +0 pair of gloves
MR       ++...                  (no boots)
Stlth    ++........             h - amulet of harm
HPRegen  0.19/turn              f - +4 ring of dexterity
MPRegen  0.14/turn              s - ring of protection from magic (curse)

@: divine energy, repel missiles
A: no food or potions, fire vulnerability, cold resistance 1, negative energy
resistance 3, torment resistance, unbreathing
a: Stop Divine Energy, Renounce Religion


You were on level 8 of the Dungeon.
You worshipped Sif Muna.
Sif Muna was aware of your devotion.
You were not hungry.

You visited 2 branches of the dungeon, and saw 9 of its levels.

You collected 350 gold pieces.
You spent 75 gold pieces at shops.

Inventory:

Hand Weapons
 g - a cursed +3 halberd of freezing (weapon)
Missiles
 e - 8 needles of frenzy
Armour
 i - a scarf of repulsion (worn)
 k - a +0 pair of gloves (worn)
 o - a +0 helmet of see invisible (worn)
 w - a +0 leather armour of cold resistance
 x - a cursed +0 ring mail
 z - a +1 ring mail of cold resistance
 A - a +2 robe of cold resistance (worn)
Magical Staves
 B - an uncursed staff of fire {unknown}
Jewellery
 f - a +4 ring of dexterity (left hand)
 h - an amulet of harm (around neck)
 s - a cursed ring of protection from magic (right hand)
 v - an uncursed ring of ice
 y - an uncursed amulet of magic regeneration {unknown}
 C - an uncursed ring of fire {unknown}
Wands
 d - a wand of clouds (3)
 n - a wand of iceblast (5)
 r - a wand of enslavement (8)
 D - a wand of polymorph (8)
Scrolls
 a - a scroll of silence {unknown}
 b - 6 scrolls of remove curse {unknown}
 l - a scroll of noise {unknown}
 m - a scroll of immolation {unknown}
 p - a scroll of random uselessness {unknown}
 q - a scroll of identify {unknown}
 t - a scroll of enchant weapon {unknown}
 u - a scroll of fog {unknown}


   Skills:
 + Level 2.4 Fighting
 - Level 4.1 Armour
 - Level 1.5 Dodging
 - Level 1.5 Stealth
 - Level 5.0 Spellcasting
 + Level 2.0 Hexes
 + Level 7.9 Summonings
 - Level 2.7 Invocations


You had 8 spell levels left.
You knew the following spells:

 Your Spells              Type           Power        Failure   Level  Hunger
a - Summon Small Mammal   Summ           ####         1%          1    N/A
d - Call Canine Familiar  Summ           ####....     1%          3    N/A
g - Summon Guardian Gole  Hex/Summ       ###.....     6%          3    N/A
s - Call Imp              Summ           ####....     1%          2    N/A

Your spell library contained the following spells:

 Spells                   Type           Power        Failure   Level  Hunger
 Sticks to Snakes         Tmut           #.......     22%         2    N/A
 Summon Ice Beast         Ice/Summ       ###.....     30%         4    N/A
 Summon Lightning Spire   Summ/Air       ###.....     30%         4    N/A
 Beastly Appendage        Tmut           Unusable     N/A         1    N/A
 Spider Form              Tmut/Pois      Unusable     N/A         3    N/A
 Ice Form                 Ice/Tmut       Unusable     N/A         4    N/A
 Blade Hands              Tmut           Unusable     N/A         5    N/A

Dungeon Overview and Level Annotations

Branches:
Dungeon (8/15)             Temple (1/1) D:6            Lair (0/6) D:8

Altars:
Ashenzari
Cheibriados
Dithmenos
Elyvilon
Fedhas
Gozag
Hepliaklqana
Kikubaaqudgha
Makhleb
Nemelex Xobeh
Okawaru
Qazlal
Ru
Sif Muna
Trog
Uskayaw
Wu Jian
Xom
Yredelemnul
Zin
The Shining One

Shops:
D:6 :   D:7 *


Innate Abilities, Weirdness & Mutations

You do not eat or drink.
Your flesh is vulnerable to fire.
You are immune to poison.
Your flesh is cold resistant. (rC+)
You are immune to negative energy. (rN+++)
You are immune to unholy pain and torment.
You can survive without breathing.


Message History

Your hound dies!
Your hound's corpse disappears in a puff of smoke!
Your shadow imp hits the warg.
The warg bites you. The warg bites your shadow imp!
Your shadow imp dies!
Your white imp closely misses the warg.
Your white imp barely misses the warg.
The warg bites your white imp!
Your white imp dies!
The warg barely misses you.
The warg bites the plant!
The warg bites you but does no damage. The warg bites you! The warg bites you!
* * * LOW HITPOINT WARNING * * *
The warg barely misses you.
As you read the scroll labeled FOGUNO IRING, it crumbles to dust.
It is a scroll of amnesia.
Okay, then.
The warg bites you but does no damage. x2; The warg bites you!
You die...

###################
...........P......#
...P..............#
≈≈≈≈≈≈≈≈≈≈≈≈h≈h...#
≈≈≈≈≈≈≈≈≈≈≈≈≈hh...#
≈≈≈≈≈≈≈#####≈≈@...#
.......#.oo#≈≈....#
########...#≈≈....#
#+###≈≈....#
#.≈≈≈....#
#.≈≈≈....#
#%≈≈≈....#
#.≈≈≈....#
#.≈≈≈..P.#


You could see 4 wargs.

Vanquished Creatures
  A porcupine (D:8)
  An ice beast (D:5)
  A phantom (D:8)
  A wolf (D:8)
  2 crocodiles (D:8)
  A big kobold (D:8)
  A bullfrog (D:8)
  2 wights (D:6)
  2 vampire bats (D:6)
  A centaur zombie (D:7)
  An orc priest (D:6)
  An orc wizard (D:8)
  A bullfrog skeleton (D:6)
  A worker ant (D:6)
  An adder (D:2)
  A worm (D:2)
  4 leopard geckos
  3 orcs
  2 bat skeletons (D:6)
  A bat zombie (D:6)
  3 giant cockroaches
  2 goblins (D:2)
  3 hobgoblins
  2 jackals
  3 kobolds
  A quokka (D:2)
  2 bats
  2 frilled lizards (D:3)
  A rat (D:2)
  A plant (D:3)
49 creatures vanquished.

Vanquished Creatures (collateral kills)
  2 wargs
  A phantom (D:4)
  An ice beast (D:5)
  2 ogres
  A sky beast (D:6)
  2 centaurs
  2 bullfrogs (D:6)
  A scorpion (D:5)
  Dowan (D:7)
  3 wights (D:6)
  A howler monkey (D:6)
  4 centaur zombies
  A bullfrog zombie (D:7)
  A hound (D:4)
  A jelly (D:5)
  4 orc wizards
  2 orc priests
  A centaur skeleton (D:4)
  A bullfrog skeleton (D:6)
  4 iguanas
  3 worker ants
  2 hound skeletons
  12 adders
  6 gnolls
  A shadow imp (D:6)
  An ooze (D:2)
  3 worms
  6 leopard geckos
  21 orcs
  9 bats
  A bat skeleton (D:6)
  A bat zombie (D:6)
  A giant cockroach (D:1)
  2 hobgoblins
  8 jackals
  A quokka (D:2)
  A ball python (D:3)
  6 frilled lizards
  13 goblins
  2 jackal skeletons
  A jackal zombie (D:8)
  17 kobolds
  A quokka zombie (D:6)
  11 rats
166 creatures vanquished.

Vanquished Creatures (others)
  Duvessa (D:7)
  A bush (D:8)
  4 fungi (D:8)
  17 plants
23 creatures vanquished.

Grand Total: 238 creatures vanquished

Notes
Turn   | Place    | Note
-------+----------+-------------------------------------------
     0 | D:1      | snowfan the Mummy Summoner began the quest for the Orb.
     0 | D:1      | Reached XP level 1. HP: 13/13 MP: 4/4
   564 | D:1      | Reached XP level 2. HP: 19/19 MP: 1/5
  1072 | D:1      | Reached skill level 4 in Summonings
  1168 | D:1      | Learned a level 2 spell: Call Imp
  1592 | D:2      | Reached XP level 3. HP: 24/24 MP: 2/7
  1681 | D:2      | Found a shattered altar of Ashenzari.
  2110 | D:2      | Found a shimmering altar of Xom.
  2110 | D:2      | Found a shimmering altar of Xom.
  2119 | D:2      | Found a shimmering altar of Xom.
  2119 | D:2      | Found a shimmering altar of Xom.
  2134 | D:2      | Found a shimmering altar of Xom.
  2135 | D:2      | Found a shimmering altar of Xom.
  2138 | D:2      | Found a shimmering altar of Xom.
  3277 | D:2      | Learned a level 3 spell: Call Canine Familiar
  3393 | D:2      | Reached XP level 4. HP: 30/30 MP: 5/8
  5254 | D:3      | Reached XP level 5. HP: 18/35 MP: 4/11
  5649 | D:3      | Found a stormy altar of Qazlal.
  5681 | D:3      | Reached skill level 5 in Spellcasting
  6190 | D:4      | Found a burning altar of Makhleb.
  6481 | D:4      | Noticed an ogre
  6506 | D:4      | Killed an ogre
  6506 | D:4      | Reached skill level 5 in Summonings
  6607 | D:4      | Found a shadowy altar of Dithmenos.
  6626 | D:4      | Reached XP level 6. HP: 34/41 MP: 8/13
  7247 | D:5      | Entered Level 5 of the Dungeon
  7267 | D:5      | Noticed an ice beast
  7293 | D:5      | Killed an ice beast
  7293 | D:5      | Reached skill level 6 in Summonings
  7667 | D:5      | Noticed an ice beast
  7704 | D:5      | Killed an ice beast
  7704 | D:5      | Reached XP level 7. HP: 46/46 MP: 7/14
  8456 | D:5      | Found a snail-covered altar of Cheibriados.
  8733 | D:6      | Reached skill level 7 in Summonings
  8925 | D:6      | Found a staircase to the Ecumenical Temple.
  9157 | Temple   | Entered the Ecumenical Temple
  9304 | Temple   | Became a worshipper of Sif Muna the Loreminder
 10190 | D:6      | Reached skill level 1 in Invocations
 10204 | D:6      | Reached XP level 8. HP: 25/53 MP: 7/15
 10513 | D:6      | Found Kieck's Book Shoppe.
 10646 | D:6      | Learned a level 3 spell: Summon Guardian Golem
 10939 | D:6      | Found an ancient bone altar of Kikubaaqudgha.
 10942 | D:6      | Reached skill level 1 in Armour
 11465 | D:7      | Noticed Duvessa
 11467 | D:7      | Noticed Dowan
 11486 | D:7      | Killed Dowan
 11487 | D:7      | Killed Duvessa
 11783 | D:7      | Found Ecweor's Assorted Antiques.
 11791 | D:7      | Bought a scroll labeled OZEWNO ACHE for 25 gold pieces
 11792 | D:7      | Bought a scroll labeled ZIHAMEE PUECVU for 25 gold pieces
 11792 | D:7      | Bought a scroll labeled CAHIYX GAPPI for 25 gold pieces
 11844 | D:7      | Found a glowing golden altar of the Shining One.
 12018 | D:8      | Found a hazy altar of Hepliaklqana.
 12412 | D:8      | Reached * piety under Sif Muna
 12525 | D:8      | Reached skill level 1 in Fighting
 12582 | D:8      | Found a staircase to the Lair.
 13013 | D:8      | Reached skill level 1 in Hexes
 13796 | D:8      | Mangled by a warg

Skill      XL: |  1  2  3  4  5  6  7  8 |
---------------+-------------------------+-----
Summonings     | 4 5 6 7 |  7.9
Spellcasting   | 4 5 |  5.0
Invocations    | 2 |  2.7
Armour         | 4 |  4.1
Fighting       | 2 |  2.4
Hexes          | 2 |  2.0
Dodging        | |  1.5
Stealth        | |  1.5

Action                   |  1- 3 |  4- 6 |  7- 9 || total
-------------------------+-------+-------+-------++-------
Melee: Unarmed           |     9 |       |       ||     9
       Short sword       |    58 |   124 |    15 ||   197
       Halberd           |       |       |    75 ||    75
 Cast: Summon Small Mamm |    89 |       |     3 ||    92
       Call Imp          |    17 |    76 |    92 ||   185
       Call Canine Famil |     1 |    19 |    42 ||    62
       Summon Guardian G |       |       |    16 ||    16
Invok: Divine Energy     |       |       |     1 ||     1
  Use: Scroll            |       |       |     4 ||     4
 Stab: Distracted        |     2 |       |     3 ||     5
       Sleeping          |       |     1 |       ||     1
Armor: Robe              |    22 |    12 |    27 ||    61
       Leather armour    |       |       |     8 ||     8
Dodge: Dodged            |    64 |    50 |    70 ||   184
       Deflected         |       |     3 |     9 ||    12
